 Dungeon Crawl Stone Soup version 0.30.1-9-gdf580d7c3d (webtiles) character file.

Game seed: 7408179372333212993

278727 meatcentipede the Swashbuckler (level 20, -19/164 HPs)
             Began as a Gnoll Fighter on Oct 24, 2023.
             Was an Initiate of Gozag.
             Demolished by a rockslime (21 damage)
             ... created by the Royal Jelly
             ... on level 5 of the Pits of Slime on Oct 25, 2023.
             The game lasted 01:49:36 (44312 turns).

meatcentipede the Swashbuckler (Gnoll Fighter)     Turns: 44312, Time: 01:49:36

Health: -19/164    AC: 33    Str: 28      XL:     20   Next: 43%
Magic:  31/37      EV: 12    Int:  9 (10) God:    Gozag
Gold:   3461       SH: 21    Dex:  7      Spells: 46/46 levels left

rFire   + + .        w - +9 hand axe of Karma {vamp, rElec Will- Str+5}
rCold   + + +        i - +2 shield of Resistance {rF++ rC++ Will++}
rNeg    . . .        o - +10 plate armour of the Apothecary {rCorr}
rPois   .            h - +2 helmet {SInv}
rElec   +            x - +0 cloak
rCorr   +            k - +1 pair of gloves {infuse}
SInv    +            I - +0 pair of boots {Stlth+}
Will    +++..        c - amulet of Okhom {Reflect rC+ Dex+2 SH+5}
Stlth   +++          C - ring of the Octopus King {HP+2 AC+2 EV+2 SH+2 SInv}
HPRegen 1.27/turn    A - ring of Arrival {Will+ Str+2 Dex-4 Slay+5 Stlth+}
MPRegen 0.25/turn

%: reflection, infuse magic (1 MP)
@: engulfed (cannot breathe), studying Short Blades, invisible
A: fangs 1, strong nose, distributed training, clumsy 2, deformed body,
deterioration 1, regeneration 1, inability to read after injury 1
}: 2/15 runes: barnacled, gossamer
a: Renounce Religion, Potion Petition, Call Merchant, Bribe Branch


You were on level 5 of the Pits of Slime.
You worshipped Gozag.
Gozag was most pleased with you.
You visited 7 branches of the dungeon, and saw 36 of its levels.
You also visited: Sewer, Bailey and Gauntlet.

You collected 14406 gold pieces.
You spent 4878 gold pieces at shops.
You paid 6067 gold pieces to Gozag.

Inventory:

Hand Weapons
 a - a +2 vampiric broad axe
 q - a +4 broad axe of flaming
 w - the +9 hand axe of Karma (weapon) {vamp, rElec Will- Str+5}
   (You took it off a minotaur in a Gauntlet)

   Str:       It affects your strength (+5).
   rElec:     It insulates you from electricity.
   Will:      It decreases your willpower.
 L - a +8 spear of freezing
Missiles
 t - 9 boomerangs of dispersal
 y - 6 silver boomerangs
 E - 50 boomerangs (quivered)
Armour
 h - a +2 helmet of see invisible (worn)
 i - the +2 shield of Resistance (worn) {rF++ rC++ Will++}
   (You bought it in a shop on level 9 of the Dungeon)

   rF:        It greatly protects you from fire.
   rC:        It greatly protects you from cold.
   Will:      It greatly increases your willpower.
 k - a +1 pair of gloves of infusion (worn)
 o - the +10 plate armour of the Apothecary (worn) {rCorr}
   (You bought it in a shop on level 9 of the Dungeon)

   rCorr:     It protects you from acid and corrosion.
 p - a +1 kite shield of reflection
 x - a +0 cloak (worn)
 I - a +0 pair of boots of stealth (worn)
Jewellery
 c - the amulet of Okhom (around neck) {Reflect rC+ Dex+2 SH+5}
   (You acquired it on level 9 of the Dungeon)

   [amulet of reflection]

   It reflects blocked missile attacks.
   Dex:       It affects your dexterity (+2).
   rC:        It protects you from cold.
   SH:        It affects your SH (+5).
 z - a ring of flight
 A - the ring of Arrival (right hand) {Will+ Str+2 Dex-4 Slay+5 Stlth+}
   (You found it in a Gauntlet)

   [ring of willpower]

   Str:       It affects your strength (+2).
   Dex:       It affects your dexterity (-4).
   Slay:      It affects your accuracy & damage with ranged weapons and melee
   (+5).
   Will:      It increases your willpower.
   Stlth:     It makes you more stealthy.
 C - a ring of the Octopus King (left hand) {HP+2 AC+2 EV+2 SH+2 SInv}
   (You found it on level 5 of the Lair of Beasts)

   [ring of see invisible]

   AC:        It affects your AC (+2).
   EV:        It affects your evasion (+2).
   HP:        It affects your health (+2).
   SInv:      It lets you see invisible.
   SH:        It affects your SH (+2).
 G - a ring of willpower
 J - the ring "Geaxest" {rElec rC++ Will+ Str+6 Stlth-}
   (You found it on level 4 of the Shoals)

   [ring of strength]

   Str:       It affects your strength (+6).
   rC:        It greatly protects you from cold.
   rElec:     It insulates you from electricity.
   Will:      It increases your willpower.
   Stlth:     It makes you less stealthy.
 K - an amulet of reflection
 M - an amulet of regeneration
 P - a ring of resist corrosion
Wands
 r - a wand of mindburst (14)
 u - a wand of light (6)
 v - a wand of flame (14)
 B - a wand of digging (2)
 D - a wand of charming (38)
 R - a wand of polymorph (1)
Scrolls
 j - 14 scrolls of teleportation
 l - 11 scrolls of identify
 N - a scroll of enchant weapon
 S - a scroll of enchant armour
Potions
 d - 5 potions of might
 f - 3 potions of magic
 g - 7 potions of cancellation
 n - 10 potions of curing
 s - 8 potions of mutation
 F - 10 potions of flight
 H - 4 potions of resistance


   Skills:
 + Level 15.1 Fighting
 + Level 18.6 Short Blades
 + Level 13.8 Long Blades
 + Level 14.5 Axes
 + Level 13.8 Maces & Flails
 + Level 13.8 Polearms
 + Level 13.8 Staves
 + Level 13.8 Ranged Weapons
 + Level 13.8 Throwing
 + Level 15.1 Armour
 + Level 13.8 Dodging
 + Level 13.8 Stealth
 + Level 15.1 Shields
 + Level 13.8 Unarmed Combat
 + Level 13.8 Spellcasting
 + Level 11.7 Conjurations
 + Level 11.7 Hexes
 + Level 11.7 Summonings
 + Level 11.7 Necromancy
 + Level 11.7 Translocations
 + Level 11.7 Transmutations
 + Level 11.7 Fire Magic
 + Level 11.7 Ice Magic
 + Level 11.7 Air Magic
 + Level 11.7 Earth Magic
 + Level 11.7 Poison Magic
 + Level 15.0 Invocations
 + Level 13.8 Evocations


You had 46 spell levels left.
You didn't know any spells.
Your spell library contained the following spells:

 Spells                   Type           Power      Damage    Failure   Level
 Beastly Appendage        Tmut           54%        N/A       1%          1
 Sting                    Tmut/Pois      100%       1d8       1%          1
 Summon Small Mammal      Summ           100%       N/A       1%          1
 Blink                    Tloc           54%        N/A       1%          2
 Cigotuvi's Dreadful Rot  Necr/Pois/Air  54%        N/A       1%          2
 Ensorcelled Hibernation  Hex/Ice        54%        N/A       1%          2
 Lesser Beckoning         Tloc           54%        N/A       1%          2
 Passwall                 Tmut/Erth      22%        N/A       1%          2
 Poisonous Vapours        Pois/Air       54%        N/A       1%          2
 Scorch                   Fire           54%        2d7       1%          2
 Wereblood                Tmut           27%        N/A       1%          2
 Call Canine Familiar     Summ           27%        N/A       1%          3
 Gell's Gravitas          Tloc           27%        N/A       1%          3
 Hailstorm                Conj/Ice       27%        3d7       1%          3
 Ignite Poison            Fire/Tmut/Pois 27%        N/A       1%          3
 Inner Flame              Hex/Fire       27%        N/A       1%          3
 Ozocubu's Armour         Ice            27%        N/A       1%          3
 Spider Form              Tmut/Pois      27%        N/A       1%          3
 Stone Arrow              Conj/Erth      54%        3d10      1%          3
 Summon Guardian Golem    Hex/Summ       27%        N/A       1%          3
 Swiftness                Air            27%        N/A       1%          3
 Teleport Other           Tloc           27%        N/A       1%          3
 Tukima's Dance           Hex            27%        N/A       1%          3
 Volatile Blastmotes      Fire/Tloc      54%        2d14      1%          3
 Animate Armour           Summ/Erth      54%        N/A       7%          4
 Flame Wave               Conj/Fire      27%        2d9       7%          4
 Ice Form                 Ice/Tmut       27%        N/A       7%          4
 Olgreb's Toxic Radiance  Pois           27%        N/A       7%          4
 Passage of Golubria      Tloc           27%        N/A       7%          4
 Petrify                  Tmut/Erth      27%        N/A       7%          4
 Sticky Flame             Conj/Fire      27%        2d5       7%          4
 Summon Ice Beast         Ice/Summ       27%        N/A       7%          4
 Alistair's Intoxication  Tmut/Pois      18%        N/A       19%         5
 Arcjolt                  Conj/Air       13%        1d23      19%         5
 Borgnjor's Vile Clutch   Necr/Erth      13%        N/A       19%         5
 Freezing Cloud           Conj/Ice/Air   13%        6-21      19%         5
 Iskenderun's Battlesphe  Conj           27%        2d8       19%         5
 Metabolic Englaciation   Hex/Ice        13%        N/A       19%         5
 Yara's Violent Unravell  Hex/Tmut       13%        3d7       19%         5
 Eringya's Noxious Bog    Tmut/Pois      13%        N/A       71%         6
 Iron Shot                Conj/Erth      13%        9d3       71%         6
 Plasma Beam              Fire/Air       13%        2x1d27    71%         6
 Statue Form              Tmut/Erth      18%        N/A       71%         6
 Summon Cactus Giant      Summ           13%        N/A       71%         6
 Ozocubu's Refrigeration  Ice            13%        4d10      99%         7
 Spellforged Servitor     Conj/Summ      13%        N/A       99%         7
 Borgnjor's Revivificati  Necr           13%        N/A       100%        8
 Lehudib's Crystal Spear  Conj/Erth      13%        10d5      100%        8
 Necromutation            Tmut/Necr      13%        N/A       100%        8
 Chain Lightning          Conj/Air       13%        3d18      100%        9
 Death's Door             Necr           13%        N/A       100%        9
 Fire Storm               Conj/Fire      13%        8d4       100%        9
 Shatter                  Erth           13%        3d14*     100%        9
 Simulacrum               Ice/Necr       Unusable   N/A       N/A         6

Dungeon Overview and Level Annotations

Branches:
Dungeon (15/15)            Temple (1/1) D:5            Lair (5/5) D:10
 Shoals (4/4) Lair:2       Spider (4/4) Lair:3        Slime (5/5) Lair:4
    Orc (2/2) D:12            Elf (0/3) Orc:2        Vaults (0/5) D:14
 Depths (0/4) D:15          Sewer (visited)          Bailey (visited)
Gauntlet (visited)

Altars:
Ashenzari
Cheibriados
Dithmenos
Elyvilon
Fedhas
Gozag
Hepliaklqana
Kikubaaqudgha
Makhleb
Nemelex Xobeh
Okawaru
Qazlal
Ru
Sif Muna
Trog
Uskayaw
Vehumet
Wu Jian
Xom
Yredelemnul
Zin
The Shining One
Jiyva

Shops:
D:9 [*   D:12 ?[*   Orc:1 *   Orc:2 =[(?   Shoals:2 !   Shoals:3 *

Annotations:
D:3 1 runed translucent door, turdburglar's ghost, amateur GnHW
D:13 3 transporters
D:15 1 runed translucent door, Bananafolds's ghost, adept NaVM
Shoals:1 Roxanne
Shoals:2 3 runed translucent doors, Xoroc's ghost, adept HuFi
Orc:2 1 runed translucent door, foxicus's ghost, journeyman HOFi


Innate Abilities, Weirdness & Mutations

You have very sharp teeth.
Your uncanny sense of smell can sniff out nearby items.
Your experience applies equally to all skills.
You are very clumsy. (Dex -4)
Armour fits poorly on your strangely shaped body.
Your body sometimes deteriorates upon taking damage.
Your natural rate of healing is unusually fast.
You occasionally lose the ability to read scrolls when taking damage.


Message History

* * * LOW HITPOINT WARNING * * *
The rockslime hits you but does no damage.
You feel better.
* * * LOW HITPOINT WARNING * * *
Your lungs strain for air!
The quicksilver ooze hits you. The quicksilver ooze barely misses you.
The rockslime hits you but does no damage.
The azure jelly hits you but does no damage.
You block the azure jelly's attack.
The azure jelly hits you but does no damage. x2
The acid blob hits you but does no damage.
You block the azure jelly's attack.
The azure jelly hits you but does no damage. x3
The rockslime barely misses you.
You block the quicksilver ooze's attack.
The quicksilver ooze hits you.
* * * LOW HITPOINT WARNING * * *
You feel your power leaking away. The rockslime barely misses you.
The azure jelly barely misses you. The azure jelly hits you!
* * * LOW HITPOINT WARNING * * *
The azure jelly freezes you. You resist.
* * * LOW HITPOINT WARNING * * *
The azure jelly hits you but does no damage.
You block the azure jelly's attack. The acid blob spits acid at you.
The splash of acid hits you. You resist.
* * * LOW HITPOINT WARNING * * *
Okay, then.
* * * LOW HITPOINT WARNING * * *
Your lungs strain for air!
The azure jelly hits you but does no damage.
You block the azure jelly's attack. The azure jelly barely misses you.
The azure jelly hits you but does no damage.
The quicksilver ooze hits you.
You block the quicksilver ooze's attack.
The acid blob hits you but does no damage.
The rockslime hits you!!
You die...
Your body crumbles into a pile of gold.

*....................##*#?/#=
*#.................J..##[$|?#
#....................##()|//
##...................###/:$#
#....................###/?/
#......................##(#
##........JJ............#**
*#.......JJJ............###
*#........J@JJ$.............
#.........JJJJ..............
##....###..J.........J......
##.##* ###.................
#.* ###............... *,*
##............... ***
#........J.......
##................
#.................


You could see 5 acid blobs, 5 azure jellies, 2 rockslimes and 2 quicksilver
oozes.

Vanquished Creatures
  the Royal Jelly (Slime:5)
  Arachne (Spider:4)
  A kraken (Shoals:3)
  Frances (Spider:2)
  Polyphemus (Shoals:4)
  Kirke (Spider:2)
  20 acid blobs
  3 rockslimes
  5 azure jellies
  5 emperor scorpions
  5 ghost moths (Spider:4)
  9 quicksilver oozes
  A broodmother (Spider:4)
  2 spark wasps
  A minotaur (Gauntlet)
  4 merfolk impalers
  7 entropy weavers
  4 merfolk javelineers
  Josephine (Orc:1)
  4 vault guards (D:14)
  9 great orbs of eyes
  3 hydras
  Harold (D:11)
  A rakshasa (D:14)
  3 merfolk avatars
  A catoblepas (Shoals:4)
  A radroach (Spider:4)
  7 boulder beetles
  7 merfolk aquamancers
  6 two-headed ogres
  4 jorogumos
  A tengu warrior (D:15)
  4 centaur warriors
  A satyr (Shoals:4)
  9 death yaks
  Urug (Lair:4)
  2 deep elf knights
  7 skysharks
  3 skeletal warriors (D:14)
  5 pharaoh ants
  2 sun moths
  9 sea snakes
  19 orb spiders
  2 glowing orange brains
  A deep elf archer (D:15)
  A wizard (D:14)
  7 steelbarb worms
  10 harpies
  2 oklob plants
  5 deep elf pyromancers
  11 orc knights
  15 wolf spiders
  7 cyclopes
  17 ugly things
  11 fauns
  3 shining eyes
  5 orc sorcerers
  21 manticores
  4 moths of wrath
  12 elephants
  13 merfolk sirens
  7 water nymphs
  7 cane toads
  10 demonic crawlers
  3 gargoyles
  A black mamba (Lair:5)
  An eye of devastation (Slime:3)
  7 komodo dragons
  Maggie (D:7)
  5 torpor snails
  A minotaur zombie (Gauntlet)
  3 unseen horrors
  5 kobold demonologists
  A rime drake (Lair:3)
  A tengu conjurer (D:15)
  4 polar bears
  5 trolls
  A troll (shapeshifter) (D:15)
  Grinder (D:4)
  22 tarantellas
  28 merfolk
  4 hornets
  3 meliai (Spider:4)
  7 wind drakes
  9 dream sheep
  19 blink frogs
  9 snapping turtles
  48 slime creatures
  19 culicivoras
  A spriggan (shapeshifter) (D:14)
  37 jumping spiders
  11 wraiths
  3 vampires
  A shadow (D:12)
  A human (D:14)
  3 wyverns
  4 basilisks
  6 hogs
  9 water elementals
  5 golden eyes
  45 yaks
  2 steam dragons
  10 vampire mosquitoes
  51 redbacks
  7 wargs
  2 acid dragons
  11 water moccasins
  An ice beast (D:5)
  48 orc warriors
  A sky beast (D:8)
  4 black bears
  4 ogres
  10 wolves
  4 centaurs
  2 phantoms (D:12)
  5 kobold brigands
  10 bullfrogs
  A gnoll sergeant (D:9)
  4 scorpions
  A water moccasin zombie (D:5)
  3 wights (D:9)
  17 killer bees
  2 electric eels
  4 howler monkeys
  A centaur zombie (D:5)
  A bullfrog zombie (D:5)
  3 jellies
  10 orc priests
  3 hounds
  A scorpion zombie (D:5)
  4 sleepcaps
  6 iguanas
  23 orc wizards
  2 hell rats (D:10)
  6 ogre zombies (D:12)
  3 adders
  9 gnolls
  2 shadow imps
  2 white imps (D:6)
  An ufetubus (D:4)
  2 adder zombies (D:5)
  A worm (D:5)
  2 dart slugs
  81 orcs
  9 endoplasms
  5 giant cockroaches
  12 goblins
  7 hobgoblins
  35 kobolds
  4 quokkas
  15 ball pythons
  12 bats
  12 frilled lizards
  A goblin skeleton (D:12)
  2 goblin zombies (D:12)
  A hobgoblin zombie (D:12)
  2 orc skeletons (D:12)
  13 orc zombies (D:12)
  15 rats
  3 tentacles (Shoals:3)
1203 creatures vanquished.

Vanquished Creatures (collateral kills)
  2 oklob plants (Lair:4)
2 creatures vanquished.

Vanquished Creatures (others)
  A merfolk impaler (Shoals:4)
  A radroach (Spider:2)
  A harpy (Lair:5)
  A human (Spider:2)
  A redback (Spider:4)
  A tentacle (Shoals:3)
6 creatures vanquished.

Grand Total: 1211 creatures vanquished

Notes
Turn   | Place    | Note
-------+----------+-------------------------------------------
     0 | D:1      | meatcentipede the Gnoll Fighter began the quest for the
                  | Orb.
     0 | D:1      | Reached XP level 1. HP: 23/23 MP: 1/1
   128 | D:1      | Reached XP level 2. HP: 19/29 MP: 2/2
   285 | D:1      | Reached XP level 3. HP: 32/35 MP: 3/3
   648 | D:1      | Reached skill level 1 in Invocations
   655 | D:1      | Found a faded altar of an unknown god.
  1042 | D:2      | Reached skill level 1 in Short Blades
  1042 | D:2      | Reached skill level 1 in Long Blades
  1042 | D:2      | Reached skill level 1 in Maces & Flails
  1042 | D:2      | Reached skill level 1 in Polearms
  1042 | D:2      | Reached skill level 1 in Staves
  1042 | D:2      | Reached skill level 1 in Ranged Weapons
  1042 | D:2      | Reached skill level 1 in Throwing
  1042 | D:2      | Reached skill level 1 in Dodging
  1042 | D:2      | Reached skill level 1 in Stealth
  1042 | D:2      | Reached skill level 1 in Unarmed Combat
  1042 | D:2      | Reached skill level 1 in Spellcasting
  1042 | D:2      | Reached skill level 1 in Evocations
  1168 | D:2      | Reached XP level 4. HP: 41/41 MP: 5/5
  1637 | D:3      | Reached skill level 1 in Conjurations
  1637 | D:3      | Reached skill level 1 in Hexes
  1637 | D:3      | Reached skill level 1 in Summonings
  1637 | D:3      | Reached skill level 1 in Necromancy
  1637 | D:3      | Reached skill level 1 in Translocations
  1637 | D:3      | Reached skill level 1 in Transmutations
  1637 | D:3      | Reached skill level 1 in Fire Magic
  1637 | D:3      | Reached skill level 1 in Ice Magic
  1637 | D:3      | Reached skill level 1 in Air Magic
  1637 | D:3      | Reached skill level 1 in Earth Magic
  1637 | D:3      | Reached skill level 1 in Poison Magic
  1763 | D:3      | Reached XP level 5. HP: 45/47 MP: 5/7
  1969 | D:3      | Found a hazy altar of Hepliaklqana.
  2057 | D:3      | Found a runed translucent door.
  2057 | D:3      | Noticed turdburglar's ghost (amateur GnHW)
  2779 | D:4      | Noticed Grinder
  2788 | D:4      | Killed Grinder
  2789 | D:4      | Reached skill level 2 in Short Blades
  2789 | D:4      | Reached skill level 5 in Axes
  2789 | D:4      | Reached XP level 6. HP: 48/53 MP: 5/9
  2938 | D:5      | Entered Level 5 of the Dungeon
  2942 | D:5      | Identified a scroll of acquirement
  2942 | D:5      | Acquired 1079 gold pieces
  2995 | D:5      | Found a glowing drain.
  3010 | Sewer    | Entered a sewer
  3044 | Sewer    | Reached XP level 7. HP: 46/60 MP: 7/10
  3308 | D:5      | Found a staircase to the Ecumenical Temple.
  3318 | Temple   | Entered the Ecumenical Temple
  3410 | Temple   | Became a worshipper of Gozag Ym Sagoz the Greedy
  3613 | D:5      | Noticed a yak
  3619 | D:5      | Noticed a two-headed ogre
  3883 | D:5      | Killed a yak
  3884 | D:5      | Reached skill level 3 in Short Blades
  3884 | D:5      | Reached XP level 8. HP: 67/67 MP: 12/12
  3886 | D:5      | Killed a two-headed ogre
  3889 | D:5      | Noticed a wraith
  3898 | D:5      | Killed a wraith
  3919 | D:5      | Reached XP level 9. HP: 68/73 MP: 11/14
  4006 | D:5      | Reached skill level 4 in Short Blades
  4808 | D:5      | Found a basalt altar of Yredelemnul.
  5517 | D:6      | Reached skill level 5 in Short Blades
  5519 | D:6      | Reached skill level 5 in Invocations
  6439 | D:7      | Reached skill level 5 in Long Blades
  6439 | D:7      | Reached skill level 5 in Maces & Flails
  6439 | D:7      | Reached skill level 5 in Polearms
  6439 | D:7      | Reached skill level 5 in Staves
  6439 | D:7      | Reached skill level 5 in Ranged Weapons
  6439 | D:7      | Reached skill level 5 in Throwing
  6439 | D:7      | Reached skill level 5 in Dodging
  6439 | D:7      | Reached skill level 5 in Stealth
  6439 | D:7      | Reached skill level 5 in Unarmed Combat
  6439 | D:7      | Reached skill level 5 in Spellcasting
  6439 | D:7      | Reached skill level 5 in Evocations
  6439 | D:7      | Reached XP level 10. HP: 61/81 MP: 14/17
  6470 | D:7      | Reached skill level 6 in Short Blades
  6503 | D:7      | HP: 4/82 [poisoned by a killer bee]
  6933 | D:7      | Noticed Maggie
  6943 | D:7      | Killed Maggie
  7469 | D:7      | Found a hide-covered altar of Uskayaw.
  7480 | D:7      | Found a shimmering altar of Xom.
  7910 | D:8      | Found a flagged portal.
  7928 | Bailey   | Entered a bailey
  8127 | Bailey   | Reached skill level 7 in Short Blades
  8287 | D:8      | Found a bloodstained altar of Trog.
  8810 | D:9      | Reached skill level 5 in Conjurations
  8810 | D:9      | Reached skill level 5 in Hexes
  8810 | D:9      | Reached skill level 5 in Summonings
  8810 | D:9      | Reached skill level 5 in Necromancy
  8810 | D:9      | Reached skill level 5 in Translocations
  8810 | D:9      | Reached skill level 5 in Transmutations
  8810 | D:9      | Reached skill level 5 in Fire Magic
  8810 | D:9      | Reached skill level 5 in Ice Magic
  8810 | D:9      | Reached skill level 5 in Air Magic
  8810 | D:9      | Reached skill level 5 in Earth Magic
  8810 | D:9      | Reached skill level 5 in Poison Magic
  8812 | D:9      | Reached XP level 11. HP: 62/89 MP: 14/20
  8941 | D:9      | Identified the +1 short sword "Taesaxeg" {venom, +Blink
                  | rCorr Str-3 Int+2}
  9061 | D:9      | Paralysed by a hornet for 1 turns
  9590 | D:9      | Reached skill level 8 in Short Blades
  9742 | D:9      | Acquired 1293 gold pieces
  9748 | D:9      | Bought a +2 vampiric broad axe for 312 gold pieces
  9748 | D:9      | Bought a scroll of acquirement for 676 gold pieces
  9748 | D:9      | Acquired the amulet of Okhom {Reflect rC+ Dex+2 SH+5}
  9762 | D:9      | Bought a glowing helmet for 187 gold pieces
  9762 | D:9      | Bought a pair of embroidered gloves for 187 gold pieces
  9801 | D:10     | Entered Level 10 of the Dungeon
  9876 | D:10     | Noticed a death yak
  9878 | D:10     | Found a staircase to the Lair.
  9879 | D:10     | Noticed a death yak
  9881 | D:10     | Noticed a death yak
  9886 | D:10     | Killed a death yak
  9899 | D:10     | Killed a death yak
  9901 | D:10     | Killed a death yak
 10091 | D:10     | Noticed a two-headed ogre
 10106 | D:10     | Killed a two-headed ogre
 10120 | D:10     | Reached skill level 9 in Short Blades
 10436 | D:10     | Found a shadowy altar of Dithmenos.
 10521 | D:10     | Noticed a two-headed ogre
 10527 | D:10     | Killed a two-headed ogre
 10761 | D:11     | Noticed a two-headed ogre
 10761 | D:11     | Noticed a green ugly thing
 10780 | D:10     | Killed a green ugly thing
 10781 | D:10     | Reached XP level 12. HP: 97/97 MP: 14/22
 10794 | D:10     | Killed a two-headed ogre
 11036 | D:11     | Noticed Harold
 11046 | D:11     | Killed Harold
 11188 | D:11     | Noticed a two-headed ogre
 11197 | D:11     | Killed a two-headed ogre
 11198 | D:11     | Reached skill level 10 in Fighting
 11198 | D:11     | Reached skill level 10 in Armour
 11198 | D:11     | Reached skill level 10 in Shields
 12028 | D:12     | Reached skill level 10 in Short Blades
 12369 | D:9      | Bought the +2 shield of Resistance {rF++ rC++ Will++} for
                  | 1762 gold pieces
 12369 | D:9      | Found the +2 shield of Resistance {rF++ rC++ Will++}
 12502 | D:12     | Found a staircase to the Orcish Mines.
 13130 | D:12     | You fall into a shaft and drop 1 floor!
 13525 | Lair:1   | Entered Level 1 of the Lair of Beasts
 13627 | Lair:1   | Noticed a boulder beetle
 13631 | Lair:1   | Found an ornate altar of the Wu Jian Council.
 13640 | Lair:1   | Found a hide-covered altar of Uskayaw.
 13643 | Lair:1   | Killed a boulder beetle
 13870 | Lair:1   | Reached XP level 13. HP: 104/104 MP: 16/25
 14567 | Lair:1   | Reached skill level 11 in Short Blades
 15622 | Lair:2   | Found a staircase to the Shoals.
 16184 | Lair:3   | Reached skill level 10 in Axes
 16541 | Lair:3   | Found a hole to the Spider Nest.
 16676 | Lair:4   | Noticed Urug
 16688 | Lair:4   | Killed Urug
 16733 | Lair:4   | Found a gate leading to a gauntlet.
 16747 | Gauntlet | Entered a Gauntlet
 16747 | Gauntlet | Found a transporter.
 16747 | Gauntlet | Found a transporter.
 16747 | Gauntlet | Found a transporter.
 16749 | Gauntlet | Found a transporter.
 16750 | Gauntlet | Found a transporter.
 16753 | Gauntlet | Found a transporter.
 16757 | Gauntlet | Found a runed translucent door.
 16759 | Gauntlet | Found a runed translucent door.
 16759 | Gauntlet | Found a transporter.
 16761 | Gauntlet | Found a transporter.
 16762 | Gauntlet | Found a transporter.
 16764 | Gauntlet | Found a large runed translucent door.
 16764 | Gauntlet | Found a transporter.
 16765 | Gauntlet | Found a large runed translucent door.
 16766 | Gauntlet | Found a large runed translucent door.
 16766 | Gauntlet | Found a large runed translucent door.
 16766 | Gauntlet | Found a runed translucent door.
 16766 | Gauntlet | Found a runed translucent door.
 16767 | Gauntlet | Found a large runed translucent door.
 16768 | Gauntlet | Found a large runed translucent door.
 16769 | Gauntlet | Found a large runed translucent door.
 16769 | Gauntlet | Found a large runed translucent door.
 16769 | Gauntlet | Noticed a blizzard demon
 16770 | Gauntlet | Found a runed translucent gate.
 16770 | Gauntlet | Found a runed translucent gate.
 16770 | Gauntlet | Found a runed translucent gate.
 16772 | Gauntlet | Found a transporter.
 16772 | Gauntlet | Found a transporter.
 16772 | Gauntlet | Found the +10 dark maul {heavy}
 16878 | Gauntlet | Found a large runed translucent door.
 16879 | Gauntlet | Found a large runed translucent door.
 16880 | Gauntlet | Found a large runed translucent door.
 16880 | Gauntlet | Found a large runed translucent door.
 16881 | Gauntlet | Found a large runed translucent door.
 16882 | Gauntlet | Found a large runed translucent door.
 16883 | Gauntlet | Found a large runed translucent door.
 16883 | Gauntlet | Found a large runed translucent door.
 16989 | Gauntlet | Noticed a purple very ugly thing
 17050 | Gauntlet | Reached skill level 12 in Short Blades
 17059 | Gauntlet | Identified the ring of Divine Intervention {Drain rElec
                  | rN++ Int+6 Stlth+}
 17225 | Gauntlet | Identified the +9 hand axe of Karma {vamp, rElec Will-
                  | Str+5}
 17225 | Gauntlet | Identified the ring of Dusuemm {rElec Int+7 SInv}
 17225 | Gauntlet | Noticed a minotaur
 17250 | Gauntlet | Killed a minotaur
 17289 | Gauntlet | Identified the ring of Arrival {Will+ Str+2 Dex-4 Slay+5
                  | Stlth+}
 17290 | Gauntlet | Got Emoathix's Vademecum on the Inflammable Comitatus
 17290 | Gauntlet | Got the Quarto of Translocated Aeromancy
 17464 | Lair:4   | Reached XP level 14. HP: 113/113 MP: 6/27
 17632 | Lair:4   | Found a viscous altar of Jiyva.
 17654 | Lair:4   | Reached skill level 10 in Invocations
 17845 | Lair:4   | Found a staircase to the Slime Pits.
 18665 | Lair:5   | Entered Level 5 of the Lair of Beasts
 19536 | Lair:5   | Reached skill level 13 in Short Blades
 20152 | Lair:5   | Found the ring of the Octopus King
 20169 | Lair:5   | Identified a ring of the Octopus King {HP+2 AC+2 EV+2 SH+2
                  | SInv}
 20819 | D:13     | Reached skill level 10 in Long Blades
 20819 | D:13     | Reached skill level 10 in Maces & Flails
 20819 | D:13     | Reached skill level 10 in Polearms
 20819 | D:13     | Reached skill level 10 in Staves
 20819 | D:13     | Reached skill level 10 in Ranged Weapons
 20819 | D:13     | Reached skill level 10 in Throwing
 20819 | D:13     | Reached skill level 10 in Dodging
 20819 | D:13     | Reached skill level 10 in Stealth
 20819 | D:13     | Reached skill level 10 in Unarmed Combat
 20819 | D:13     | Reached skill level 10 in Spellcasting
 20819 | D:13     | Reached skill level 10 in Evocations
 21312 | D:13     | Found a transporter.
 21317 | D:13     | Found a transporter.
 21470 | D:13     | Found a transporter.
 21532 | D:13     | Found a transporter.
 21674 | D:14     | Reached XP level 15. HP: 120/120 MP: 20/29
 22630 | D:14     | Found a white marble altar of Elyvilon.
 22967 | D:14     | Found a gate to the Vaults.
 23312 | D:9      | Bought a dazzling plate armour for 700 gold pieces
 23312 | D:9      | Identified the +10 plate armour of the Apothecary {rCorr}
                  | (You bought it in a shop on level 9 of the Dungeon)
 23436 | D:15     | Entered Level 15 of the Dungeon
 23436 | D:15     | Found a shimmering blue altar of Sif Muna.
 23710 | D:15     | Reached skill level 14 in Short Blades
 23911 | D:15     | Found a staircase to the Depths.
 24428 | D:15     | Found a runed translucent door.
 24430 | D:15     | Found a shimmering altar of Xom.
 24430 | D:15     | Noticed Bananafolds's ghost (adept NaVM)
 25071 | Orc:1    | Entered Level 1 of the Orcish Mines
 25071 | Orc:1    | Noticed Josephine
 25085 | Orc:1    | Killed Josephine
 25435 | Orc:1    | Found Guziji's Goods Gallery.
 25959 | Orc:2    | Entered Level 2 of the Orcish Mines
 26243 | Orc:2    | Found a staircase to the Elven Halls.
 26393 | Orc:2    | Reached XP level 16. HP: 117/128 MP: 0/30
 26552 | Orc:2    | Found Zaakuck's Weapon Shop.
 26663 | Orc:2    | Found Ibraidok's Magic Scroll Shoppe.
 27005 | Orc:2    | Found Meustedu's Jewellery Shop.
 27187 | Orc:2    | Found Sataekh's Armour Shoppe.
 27676 | Orc:2    | Found a runed translucent door.
 27677 | Orc:2    | Noticed foxicus's ghost (journeyman HOFi)
 28206 | Shoals:1 | Entered Level 1 of the Shoals
 28467 | Shoals:1 | Identified the +1 leather armour "Tickaggup" {rN+ Str+3
                  | Int+3}
 28517 | Shoals:1 | Identified the +1 leather armour of Amorality {rElec rF+
                  | Regen+}
 29072 | Shoals:1 | Reached skill level 15 in Short Blades
 29191 | Shoals:1 | Noticed Roxanne
 29478 | Shoals:2 | Found Xirilu Fuzxa's Distillery.
 29622 | Shoals:2 | Bought a potion of mutation for 152 gold pieces
 29622 | Shoals:2 | Bought a potion of mutation for 152 gold pieces
 29746 | Shoals:2 | Found a runed translucent gate.
 29747 | Shoals:2 | Found a runed translucent gate.
 29748 | Shoals:2 | Found a runed translucent gate.
 30296 | Shoals:2 | Noticed Xoroc's ghost (adept HuFi)
 30883 | Shoals:3 | Noticed a kraken
 30894 | Shoals:3 | Killed a kraken
 31044 | Shoals:3 | Found Hogaxi's General Store.
 31055 | Shoals:3 | Bought a potion of experience for 750 gold pieces
 31055 | Shoals:3 | Reached XP level 17. HP: 137/137 MP: 32/32
 31544 | Shoals:4 | Entered Level 4 of the Shoals
 31711 | Shoals:4 | Reached skill level 10 in Conjurations
 31711 | Shoals:4 | Reached skill level 10 in Hexes
 31711 | Shoals:4 | Reached skill level 10 in Summonings
 31711 | Shoals:4 | Reached skill level 10 in Necromancy
 31711 | Shoals:4 | Reached skill level 10 in Translocations
 31711 | Shoals:4 | Reached skill level 10 in Transmutations
 31711 | Shoals:4 | Reached skill level 10 in Fire Magic
 31711 | Shoals:4 | Reached skill level 10 in Ice Magic
 31711 | Shoals:4 | Reached skill level 10 in Air Magic
 31711 | Shoals:4 | Reached skill level 10 in Earth Magic
 31711 | Shoals:4 | Reached skill level 10 in Poison Magic
 32142 | Shoals:4 | Reached skill level 16 in Short Blades
 32172 | Shoals:4 | Reached XP level 18. HP: 144/144 MP: 30/33
 32279 | Shoals:4 | Identified the ring "Geaxest" {rElec rC++ Will+ Str+6
                  | Stlth-}
 32381 | Shoals:4 | Identified the +6 spear "Embalmer" {flame, *Noise Str+4
                  | Stlth+}
 32838 | Shoals:4 | Got a barnacled rune of Zot
 32969 | Shoals:4 | Noticed Polyphemus
 33022 | Shoals:4 | Killed Polyphemus
 33378 | Shoals:4 | Identified the +7 chain mail of the Untouchables {Dex+7}
 33768 | Spider:1 | Entered Level 1 of the Spider Nest
 35187 | Spider:2 | Noticed Kirke
 35209 | Spider:2 | Killed Kirke
 35885 | Spider:2 | Identified the +1 buckler of Amoshroj {Rampage rN+ Will-
                  | MP+9}
 36248 | Spider:2 | Noticed Frances
 36264 | Spider:2 | Killed Frances
 36363 | Spider:2 | Reached skill level 17 in Short Blades
 37642 | Spider:3 | Reached XP level 19. HP: 152/152 MP: 32/35
 37920 | Spider:3 | Identified the +4 dagger of Laga {freeze, Dex+2}
 38523 | Spider:4 | Entered Level 4 of the Spider Nest
 39514 | Spider:4 | Paralysed by a jorogumo for 1 turns
 39892 | Spider:4 | Noticed Arachne
 40265 | Spider:4 | HP: 4/155 [spark wasp (4)]
 40269 | Spider:4 | Killed Arachne
 41103 | Spider:4 | Got a gossamer rune of Zot
 41635 | Slime:1  | Entered Level 1 of the Pits of Slime
 41683 | Lair:4   | Reached skill level 18 in Short Blades
 41981 | Slime:1  | Gained mutation: You occasionally lose the ability to read
                  | scrolls when taking damage. [a shining eye]
 41984 | Slime:1  | Gained mutation: You are clumsy. (Dex -2) [a shining eye]
 41993 | Slime:1  | Paralysed by a great orb of eyes for 5 turns
 42522 | Slime:3  | Reached XP level 20. HP: 146/161 MP: 0/37
 42689 | Slime:5  | Entered Level 5 of the Pits of Slime
 42797 | Slime:5  | Reached skill level 15 in Fighting
 42797 | Slime:5  | Reached skill level 15 in Armour
 42797 | Slime:5  | Reached skill level 15 in Shields
 42929 | Slime:5  | Found a viscous altar of Jiyva.
 42930 | Slime:5  | Noticed the Royal Jelly
 43006 | Slime:5  | Gained mutation: Your natural rate of healing is unusually
                  | fast. [a shining eye]
 43008 | Slime:5  | Gained mutation: You are very clumsy. (Dex -4) [a shining
                  | eye]
 43080 | Slime:5  | Gained mutation: Your body sometimes deteriorates upon
                  | taking damage. [a shining eye]
 43690 | Slime:5  | Gained mutation: Armour fits poorly on your strangely
                  | shaped body. [a shining eye]
 43982 | Slime:5  | Killed the Royal Jelly
 43983 | Slime:5  | Reached skill level 15 in Invocations
 44311 | Slime:5  | HP: 8/164 [azure jelly[the Royal Jelly] (5)]
 44312 | Slime:5  | HP: 1/164 [drowned by a quicksilver ooze[the Royal Jelly]
                  | (6)]
 44312 | Slime:5  | Demolished by a rockslime

Illustrated notes

Levels and vault maps discovered:
D:1:      lightli_arrival_farm, layout_basic,
          shapermc_ecumenical_altar_notcrosses, minmay_fountain_box,
          minmay_lizard_pond
D:2:      layout_basic
D:3:      layout_loops_cross, worldfamousw_hep_ancestral_shrine,
          gammafunk_ghost_grave
D:4:      layout_gridville, uniq_grinder
D:5:      layout_basic, nicolae_yredelemnul_corpse_copse,
          minmay_temple_entry_arrows, cheibrodos_sewer_entry_drain,
          grunt_ministairs_13, minmay_misc_feat_rows, minmay_manual_mess
D:6:      minmay_flawed_box, layout_basic
D:7:      layout_cave_pods, amethyst_overflow_temple_binary, uniq_maggie
D:8:      layout_loops_cross, trog_ov_bears_minmay, enter_bailey_4,
          hangedman_decor_growths, grunt_decor_clamped, serial_bayou_pond_c
D:9:      layout_cave_pods
D:10:     layout_rooms, nicolae_dithmenos_shadow_blocks, dpeg_lair_monsters
D:11:     layout_long_grid, uniq_harold
D:12:     layout_rooms, zombieorc1_lemuel, chequers_serial_rivers_room_b
D:13:     layout_roguey, nicolae_transporter_circle
D:14:     layout_long_grid, grunt_vaults_entry_fortified, elyvilon_altar_3,
          lemuel_nasty_fountain
D:15:     hangedman_depths_entry_try_elsewhere_first, layout_gridville,
          ebering_ghost_xom, nicolae_sif_muna_condensation,
          chequers_serial_rivers_small_b
Temple:   eino_temple_rhombus
Lair:1:   layout_roguey, nzn_masters_of_martial_movement, grunt_megastairs_3,
          lemuel_fruit_tree, serial_bayou_shore_a
Lair:2:   layout_cave_shapes, minmay_shoals_entry_hut, minivault_26
Lair:3:   layout_cave_shapes, spider_nest_entry_funnel_web
Lair:4:   layout_regular_city, minmay_slime_entry_oklob_enclosed,
          gauntlet_entry_generic, uniq_urug
Lair:5:   gammafunk_lair_ancient_temple, layout_hall_layers
Shoals:1: layout_shoals, uniq_roxanne
Shoals:2: layout_shoals, gammafunk_ghost_split, nicolae_stop_n_shop_2
Shoals:3: layout_shoals, serial_shops, nicolae_diamond_shop
Shoals:4: shoals_end_simple, layout_shoals, uniq_polyphemus
Spider:1: layout_spider_delve
Spider:2: layout_spider_delve, uniq_kirke, uniq_frances
Spider:3: layout_spider_delve, hellmonk_narrow_tunnel
Spider:4: johnstein_spider_rune_arachne_lair
Slime:1:  layout_caves, special_room [special_room_jelly]
Slime:2:  layout_caves
Slime:3:  layout_caves
Slime:4:  layout_caves
Slime:5
Orc:1:    layout_caves, nicolae_alphabet_shops, uniq_josephine
Orc:2:    st_orc_town, layout_caves, ebering_ghost_reflecting_pool

Skill      XL: |  1  2  3  4  5  6  7  8  9 10 11 12 13 14 15 16 17 18 19 20 |
---------------+-------------------------------------------------------------+-----
Invocations    | 1 2 3 4 5 6 7 8 9 10 11 12 13 14 15 | 15.0
Short Blades   | 1 2 3 5 7 9 10 12 13 14 15 16 17 18 | 18.6
Long Blades    | 1 2 3 5 6 7 8 9 10 11 12 13 | 13.8
Maces & Flails | 1 2 3 5 6 7 8 9 10 11 12 13 | 13.8
Polearms       | 1 2 3 5 6 7 8 9 10 11 12 13 | 13.8
Staves         | 1 2 3 5 6 7 8 9 10 11 12 13 | 13.8
Ranged Weapons | 1 2 3 5 6 7 8 9 10 11 12 13 | 13.8
Throwing       | 1 2 3 5 6 7 8 9 10 11 12 13 | 13.8
Dodging        | 1 2 3 5 6 7 8 9 10 11 12 13 | 13.8
Stealth        | 1 2 3 5 6 7 8 9 10 11 12 13 | 13.8
Unarmed Combat | 1 2 3 5 6 7 8 9 10 11 12 13 | 13.8
Spellcasting   | 1 2 3 5 6 7 8 9 10 11 12 13 | 13.8
Evocations     | 1 2 3 5 6 7 8 9 10 11 12 13 | 13.8
Conjurations   | 1 2 3 4 5 6 7 8 9 10 11 | 11.7
Hexes          | 1 2 3 4 5 6 7 8 9 10 11 | 11.7
Summonings     | 1 2 3 4 5 6 7 8 9 10 11 | 11.7
Necromancy     | 1 2 3 4 5 6 7 8 9 10 11 | 11.7
Translocations | 1 2 3 4 5 6 7 8 9 10 11 | 11.7
Transmutations | 1 2 3 4 5 6 7 8 9 10 11 | 11.7
Fire Magic     | 1 2 3 4 5 6 7 8 9 10 11 | 11.7
Ice Magic      | 1 2 3 4 5 6 7 8 9 10 11 | 11.7
Air Magic      | 1 2 3 4 5 6 7 8 9 10 11 | 11.7
Earth Magic    | 1 2 3 4 5 6 7 8 9 10 11 | 11.7
Poison Magic   | 1 2 3 4 5 6 7 8 9 10 11 | 11.7
Axes           | 5 6 7 8 9 10 11 12 13 14 | 14.5
Fighting       | 7 8 9 10 11 12 13 14 15 | 15.1
Armour         | 7 8 9 10 11 12 13 14 15 | 15.1
Shields        | 7 8 9 10 11 12 13 14 15 | 15.1

Action                     |  1- 3 |  4- 6 |  7- 9 | 10-12 | 13-15 | 16-18 | 19-21 || total
---------------------------+-------+-------+-------+-------+-------+-------+-------++-------
  Melee: Mace              |    21 |       |       |       |       |       |       ||    21
         War axe           |   104 |   127 |   272 |    72 |       |       |       ||   575
         Bite              |    10 |     9 |    26 |    79 |   188 |   214 |   171 ||   697
         Broad axe         |       |       |       |   571 |   422 |       |       ||   993
         Hand axe          |       |       |       |       |   766 |  1278 |   888 ||  2932
  Throw: Boomerang         |       |       |       |    16 |       |       |       ||    16
 Invoke: Call Merchant     |       |       |       |     2 |       |     3 |       ||     5
         Potion Petition   |       |       |       |       |     2 |       |     2 ||     4
  Evoke: Wand              |       |       |     5 |     7 |    33 |       |    16 ||    61
    Use: Scroll            |     2 |    10 |     6 |    15 |     6 |       |     6 ||    45
         Potion            |       |       |     1 |     4 |     8 |     3 |     7 ||    23
   Stab: Distracted        |       |       |       |     6 |    11 |     8 |     8 ||    33
         Sleeping          |       |       |       |       |       |     7 |     2 ||     9
         Petrified         |       |       |       |       |       |     8 |       ||     8
         Invisible         |       |       |       |       |       |     4 |       ||     4
         Held in net/web   |       |       |       |       |       |     1 |       ||     1
         Petrifying        |       |       |       |       |       |     1 |       ||     1
 Armour: Scale mail        |    70 |     1 |       |       |       |       |       ||    71
         Chain mail        |       |    78 |   159 |   136 |       |       |       ||   373
         Plate armour      |       |       |       |   127 |   441 |   492 |   498 ||  1558
  Dodge: Dodged            |    62 |    51 |   131 |   264 |   341 |   334 |   308 ||  1491
  Block: Buckler           |    23 |    28 |    69 |    76 |       |       |       ||   196
         Kite shield       |       |       |       |   400 |  1144 |  1191 |   889 ||  3624
         Reflection        |       |       |       |     7 |    35 |    75 |    13 ||   130
